 Dungeon Crawl Stone Soup version 0.27-a0-836-gfc908b8576 (webtiles) character file.

Game seed: 4614415750303999608

160 polve the Ruffian (level 5, -3/46 HPs)
             Began as a Draconian Transmuter on Apr 1, 2021.
             Slain by a polar bear (4 damage)
             ... created by the rage of Trog
             ... on level 3 of the Dungeon.
             The game lasted 00:03:07 (3330 turns).

polve the Ruffian (Draconian Transmuter)            Turns: 3330, Time: 00:03:07

Health: -3/46      AC:  6    Str: 12    XL:     5   Next: 17%
Magic:  8/8        EV: 12    Int: 15    God:
Gold:   94         SH:  0    Dex: 11    Spells: 7/8 levels left

rFire    . . .     SeeInvis .     - Unarmed
rCold    . . .     Faith    .   (no shield)
rNeg     . . .     Spirit   .   (armour unavailable)
rPois    .         Reflect  .   (helmet restricted)
rElec    .         Harm     .   j - +0 cloak
rCorr    .         Rampage  .   (no gloves)
Will     .....                  (no boots)
Stlth    +.........             (no amulet)
HPRegen  0.15/turn              a - ring of wizardry
MPRegen  0.11/turn              (no ring)

@: no status effects
A: AC +5, unfitting armour, cold-blooded
a: no special abilities


You were on level 3 of the Dungeon.
You visited 1 branch of the dungeon, and saw 3 of its levels.

You collected 94 gold pieces.

Inventory:

Armour
 c - a +0 pair of boots
 j - a +0 cloak (worn)
 l - a +0 pair of boots
Jewellery
 a - a ring of wizardry (left hand)
Wands
 n - a wand of flame (31)
 r - a wand of random effects (12)
Scrolls
 d - a scroll of acquirement {unknown}
 e - 3 scrolls of identify {unknown}
 f - a scroll of teleportation {unknown}
 g - a scroll of amnesia {unknown}
 h - a scroll of magic mapping {unknown}
 i - a scroll of immolation {unknown}
 k - 2 scrolls of enchant weapon {unknown}
 m - a scroll of enchant armour {unknown}
 s - a scroll of vulnerability {unknown}
Potions
 b - a potion of curing
 o - a potion of haste {unknown}
 p - a potion of cancellation {unknown}
 q - a potion of mutation {unknown}


   Skills:
 + Level 4.0 Fighting
 - Level 1.7 Dodging
 + Level 4.6 Unarmed Combat
 - Level 2.0 Spellcasting
 - Level 2.0 Transmutations


You had 7 spell levels left.
You knew the following spells:

 Your Spells              Type           Power      Damage    Failure   Level
a - Beastly Appendage     Tmut           14%        N/A       4%          1

Your spell library contained the following spells:

 Spells                   Type           Power      Damage    Failure   Level
 Wereblood                Tmut           7%         N/A       6%          2
 Spider Form              Tmut/Pois      2%         N/A       17%         3
 Ice Form                 Ice/Tmut       4%         N/A       47%         4
 Hydra Form               Tmut           3%         N/A       69%         5


Dungeon Overview and Level Annotations

Branches:
Dungeon (3/15)

Altars:
Trog
Xom


Innate Abilities, Weirdness & Mutations

Your plain brown scales are hard. (AC +5)
You cannot fit into any form of body armour.
You are cold-blooded and may be slowed by cold attacks.


Message History

The orc hits you from afar with a +0 trident.
You hit the hobgoblin.
You kill the hobgoblin!
The orc closely misses you.
The orc hits you from afar with a +0 trident.
Things that are here:
a +0 war axe; a +0 scale mail; a hobgoblin corpse You barely miss the orc.
The orc hits you with a +0 trident.
* * * LOW HITPOINT WARNING * * *
You hit the orc. Your kick misses the orc.
Your tail-slap misses the orc.
The orc is almost dead.
Your transformation is almost over.
The orc barely misses you. The orc closely misses you.
You hit the orc.
You kill the orc!
The orc hits you from afar with a +0 trident.
* * * LOW HITPOINT WARNING * * *
The orc closely misses you.
You see here a +0 trident.
You hit the orc. You headbutt the orc.
The orc is heavily wounded.
The orc hits you but does no damage.
You closely miss the orc. You claw the orc.
You kill the orc!
Your Fighting skill increases to level 4!
Your horns disappear.
Your talons disappear.
Trog sends monsters to punish you. 3 polar bears and 3 black bears come into view.
There are monsters nearby!
There are monsters nearby!
There are monsters nearby!
You barely miss the black bear. You hit the black bear.
The black bear is lightly wounded.
The polar bear bites you!
* * * LOW HITPOINT WARNING * * *
The polar bear claws you.
* * * LOW HITPOINT WARNING * * *
The polar bear claws you.
You die...

######.......##............
#......<...+............
#.......#.##......(.....
#######.#.#.##............
.......>..................
#########.#.##(.....).....
#h#.##............ ###
#h#.##............
#....####@#.##............
+.......hh#+##############
#.......)hh..#
##...........#
#...........# #...........#
##########.## .# .#


You could see 3 polar bears and 3 black bears.

Vanquished Creatures
  Crazy Yiuf (D:2)
  Natasha (twice) (D:2)
  2 worms
  7 orcs (D:3)
  3 endoplasms
  A giant cockroach (D:1)
  A goblin (D:1)
  5 hobgoblins
  18 jackals
  A quokka (D:1)
  3 ball pythons
  6 bats
  A frilled lizard (D:2)
  7 kobolds
  5 rats
63 creatures vanquished.

Notes
Turn   | Place    | Note
-------+----------+-------------------------------------------
     0 | D:1      | polve the Draconian Transmuter began the quest for the Orb.
     0 | D:1      | Reached XP level 1. HP: 16/16 MP: 3/3
   295 | D:1      | Reached XP level 2. HP: 24/24 MP: 3/5
   758 | D:1      | HP: 1/25 [hobgoblin (3)]
   763 | D:1      | Reached XP level 3. HP: 7/30 MP: 6/6
  1332 | D:2      | Found a runed translucent door.
  1333 | D:2      | Noticed Crazy Yiuf
  1799 | D:2      | Found a faded altar of an unknown god.
  2029 | D:2      | Noticed Natasha
  2038 | D:2      | Killed Natasha
  2039 | D:2      | Reached XP level 4. HP: 28/38 MP: 5/7
  2353 | D:2      | Killed Crazy Yiuf
  2513 | D:2      | Noticed Natasha
  2521 | D:2      | Killed Natasha
  2639 | D:2      | Became a worshipper of Trog the Wrathful
  2639 | D:2      | Reached * piety under Trog
  2641 | D:2      | Fell from the grace of Trog
  2797 | D:3      | Reached XP level 5. HP: 46/46 MP: 8/8
  2925 | D:3      | Found a shimmering altar of Xom.
  3329 | D:3      | Noticed a black bear
  3329 | D:3      | Noticed a black bear
  3329 | D:3      | Noticed a black bear
  3329 | D:3      | Noticed a polar bear
  3329 | D:3      | Noticed a polar bear
  3329 | D:3      | Noticed a polar bear
  3330 | D:3      | HP: 1/46 [polar bear[the rage of Trog] (2)]
  3330 | D:3      | Slain by a polar bear

Illustrated notes

Levels and vault maps discovered:
D:1:      kilobyte_arrival_exit_the_forest, layout_rooms
D:2:      layout_loops_ring, chequers_ecumenical_altar_simple_redux,
          uniq_natasha, uniq_crazy_yiuf_cottage
D:3:      layout_basic, xom_butterflies

Skill      XL: |  1  2  3  4  5 |
---------------+----------------+-----
Fighting       | 2 3 4 |  4.0
Unarmed Combat | 4 |  4.6
Dodging        | |  1.7
Spellcasting   | |  2.0
Transmutations | |  2.0

Action                   |  1- 3 |  4- 6 || total
-------------------------+-------+-------++-------
Melee: Unarmed           |   154 |    57 ||   211
       Kick              |    24 |    12 ||    36
       Tailslap          |    13 |     3 ||    16
       Headbutt          |     8 |     6 ||    14
       Punch             |     2 |     1 ||     3
 Cast: Beastly Appendage |    24 |    11 ||    35
Invok: Renounce Religion |       |     1 ||     1
  Use: Potion            |     2 |     1 ||     3
Armor: Skin              |    91 |    22 ||   113
Dodge: Dodged            |   152 |    27 ||   179

Table legend: (Time is in decaauts)
 A = Elapsed time spent in this place.
 B = Non-inter-level travel time spent in this place.
 C = Inter-level travel time spent in this place.
 D = Time resting spent in this place.
 E = Time spent auto-exploring this place.
 F = Levels seen in this place.
 G = Mean time per level.
                   A        B        C        D        E       F      G
               +--------+--------+--------+--------+--------+-----+--------+
         Total |   3327 |   3184 |    143 |      0 |   2751 |   3 | 1109.0 |
       Dungeon |   3327 |   3184 |    143 |      0 |   2751 |   3 | 1109.0 |
               +--------+--------+--------+--------+--------+-----+--------+

Top non-repeatable levels by time:
     D:2: 1384 daAuts
     D:1: 1302 daAuts
     D:3: 641 daAuts
